 Dungeon Crawl Stone Soup version 0.28.0 (webtiles) character file.

Game seed: 11785082252495545795

126 a3don the Digger (level 5, -3/38 HPs)
             Began as a Ghoul Earth Elementalist on Feb 8, 2022.
             Slain by a scorpion (8 damage)
             ... on level 2 of the Dungeon.
             The game lasted 00:05:17 (3044 turns).

a3don the Digger (Ghoul Earth Elementalist)         Turns: 3044, Time: 00:05:18

Health: -3/38      AC:  4    Str: 12    XL:     5   Next: 9%
Magic:  5/16       EV: 16    Int: 12    God:
Gold:   87         SH:  0    Dex:  9    Spells: 2/8 levels left

rFire   . . .      SeeInvis .   d - +0 dagger
rCold   + . .      Faith    .   (no shield)
rNeg    + + +      Spirit   .   b - +0 robe
rPois   ∞          Reflect  .   (no helmet)
rElec   .          Harm     .   (no cloak)
rCorr   .          Rampage  .   (no gloves)
Will    .....                   l - +1 pair of boots
Stlth   ++........              (no amulet)
HPRegen 0.00/turn               m - +4 ring of evasion
MPRegen 0.15/turn               n - ring of magical power

@: inhibited regen
A: claws 1, cold resistance 1, negative energy resistance 3, inhibited
regeneration, torment resistance 2
a: no special abilities


You were on level 2 of the Dungeon.
You visited 1 branch of the dungeon, and saw 3 of its levels.

You collected 87 gold pieces.

Inventory:

Hand Weapons
 d - a +0 dagger (weapon)
Missiles
 c - 26 stones
 k - 41 sling bullets
Armour
 b - a +0 robe (worn)
 h - a +0 buckler
 l - a +1 pair of boots (worn)
Magical Staves
 o - a staff of cold
Jewellery
 m - a +4 ring of evasion (left claw)
 n - a ring of magical power (right claw)
Scrolls
 a - 3 scrolls of identify {unknown}
 i - a scroll of vulnerability {unknown}
Potions
 e - 2 potions of degeneration {unknown}
 f - 4 potions of cancellation {unknown}
 g - 2 potions of brilliance {unknown}
 j - a potion of curing {unknown}


   Skills:
 + Level 2.5 Dodging
 + Level 3.1 Stealth
 + Level 2.3 Spellcasting
 * Level 0.7 Conjurations
 + Level 1.9 Transmutations
 * Level 4.0 Earth Magic


You had 2 spell levels left.
You knew the following spells:

 Your Spells              Type           Power      Damage    Failure   Level
a - Sandblast             Erth           22%        2d7       4%          1
b - Passwall              Tmut/Erth      6%         N/A       12%         2
c - Stone Arrow           Conj/Erth      14%        3d7       30%         3

Your spell library contained the following spells:

 Spells                   Type           Power      Damage    Failure   Level
 Apportation              Tloc           2%         N/A       26%         1
 Petrify                  Tmut/Erth      8%         N/A       58%         4
 Alistair's Intoxication  Tmut/Pois      2%         N/A       99%         5


Dungeon Overview and Level Annotations

Branches:
Dungeon (3/15)

Altars:


Innate Abilities, Weirdness & Mutations

You thrive by killing the living.
You are immune to poison.
You have sharp fingernails.
Your flesh is cold resistant. (rC+)
You are immune to negative energy. (rN+++)
You do not regenerate when monsters are visible.
You are immune to unholy pain and torment.


Message History

Aiming: Sandblast (safe; 4% risk of failure)
Press: ? - help, Shift-Dir - straight line, f/p - scorpion
Aim: a scorpion (severely wounded, 79% to hit)
The blast of sand misses the scorpion.
The scorpion stings you!
* * * LOW HITPOINT WARNING * * *
Unknown command.
Casting: Sandblast (safe; 4% risk of failure)
Confirm with . or Enter, or press ? or * to list all spells.
Aiming: Sandblast (safe; 4% risk of failure)
Press: ? - help, Shift-Dir - straight line, f/p - scorpion
Aim: a scorpion (severely wounded, 79% to hit)
The blast of sand hits the scorpion.
The scorpion is severely wounded.
The scorpion closely misses you.
Unknown command.
Casting: Sandblast (safe; 4% risk of failure)
Confirm with . or Enter, or press ? or * to list all spells.
Aiming: Sandblast (safe; 4% risk of failure)
Press: ? - help, Shift-Dir - straight line, f/p - scorpion
Aim: a scorpion (severely wounded, 79% to hit)
The blast of sand hits the scorpion.
The scorpion is severely wounded.
The scorpion closely misses you.
Casting: Sandblast (safe; 4% risk of failure)
Confirm with . or Enter, or press ? or * to list all spells.
Aiming: Sandblast (safe; 4% risk of failure)
Press: ? - help, Shift-Dir - straight line, f/p - scorpion
Aim: a scorpion (severely wounded, 79% to hit)
The blast of sand hits the scorpion but does no damage.
The scorpion is severely wounded.
The scorpion closely misses you.
Casting: Sandblast (safe; 4% risk of failure)
Confirm with . or Enter, or press ? or * to list all spells.
Aiming: Sandblast (safe; 4% risk of failure)
Press: ? - help, Shift-Dir - straight line, f/p - scorpion
Aim: a scorpion (severely wounded, 79% to hit)
The blast of sand hits the scorpion but does no damage.
The scorpion is severely wounded.
The scorpion misses you. The scorpion stings you!
You die...

#.###...##.≈.# ##....##.#
#......###.≈## ##.......#
###.##.##.≈.####.......##
....##.##≈.##.........##
.#####.#≈..#.....#....#
....####≈P.#.....#..#.#
..###8_..P##.....#..#.#
..# ########.....#..#.#
..# ##..s@...#.# ..#
####.#.###.#.# ..#
#....#.....#.#
.#########....#....##.#
.........>.#######.##.#
.########.....#....##.#
............#.#.#####.#
#########...#.#.#####.#
#####.........#


You could see a scorpion.

Vanquished Creatures
  Natasha (thrice) (D:2)
  2 dart slugs
  5 ball pythons
  3 bats
  3 endoplasms
  2 giant cockroaches (D:1)
  6 goblins (D:1)
  3 hobgoblins (D:1)
  3 quokkas (D:2)
  2 frilled lizards (D:1)
  3 kobolds
  13 rats
48 creatures vanquished.

Vanquished Creatures (others)
  2 fungi (D:2)
  13 plants (D:2)
15 creatures vanquished.

Grand Total: 63 creatures vanquished

Notes
Turn   | Place    | Note
-------+----------+-------------------------------------------
     0 | D:1      | a3don the Ghoul Earth Elementalist began the quest for the
                  | Orb.
     0 | D:1      | Reached XP level 1. HP: 14/14 MP: 2/2
    48 | D:1      | Reached skill level 1 in Transmutations
   119 | D:1      | Reached XP level 2. HP: 7/20 MP: 1/3
   427 | D:1      | Learned a level 2 spell: Passwall
   983 | D:1      | Reached XP level 3. HP: 26/26 MP: 2/5
  2415 | D:2      | Noticed Natasha
  2421 | D:2      | Killed Natasha
  2422 | D:2      | Reached XP level 4. HP: 33/33 MP: 6/6
  2426 | D:2      | Learned a level 3 spell: Stone Arrow
  2489 | D:2      | Found a faded altar of an unknown god.
  2567 | D:2      | Noticed Natasha
  2596 | D:2      | Killed Natasha
  2719 | D:2      | Noticed Natasha
  2727 | D:2      | Killed Natasha
  2728 | D:2      | Reached skill level 4 in Earth Magic
  2728 | D:2      | Reached XP level 5. HP: 20/38 MP: 7/7
  3022 | D:3      | Noticed a phantom
  3044 | D:2      | Slain by a scorpion

Illustrated notes

Levels and vault maps discovered:
D:1:      ncdulo_watergridlock, layout_basic, minmay_octomino_j4
D:2:      layout_loops_ring, shapermc_ecumenical_altar_hornbeckon,
          nrook_campfire, kennysheep_generic_room_10, uniq_natasha
D:3:      minmay_chambers_of_twos, layout_loops_ring, minmay_misc_feat_iff,
          dk_noncrumbling_4, uniq_crazy_yiuf_cottage, uniq_grinder

Skill      XL: |  1  2  3  4 |
---------------+-------------+-----
Transmutations | 1 |  1.9
Dodging        | 2 |  2.5
Spellcasting   | 2 |  2.3
Stealth        | 3 |  3.1
Earth Magic    | 4 |  4.0
Conjurations   | |  0.7

Action                   |  1- 3 |  4- 6 || total
-------------------------+-------+-------++-------
Melee: Unarmed           |    22 |       ||    22
       Dagger            |    65 |       ||    65
       Punch             |     2 |       ||     2
 Cast: Sandblast         |    39 |    23 ||    62
 Stab: Sleeping          |     5 |       ||     5
Armor: Robe              |    31 |     3 ||    34
Dodge: Dodged            |    55 |    12 ||    67
